[Event "Titled Tuesday Blitz August 08 Early 2023"]
[White "TrompeterImEther"]
[Black "rionelG"]
[WhiteElo "2445"]
[BlackElo "2306"]
[Result "1-0"]
[Round "6"]
[TimeControl "180+1"]
[Date "2023.08.08"]
[WhiteClock "0:00:14"]
[BlackClock "0:00:00"]
[Board "170"]

1. e4 c5 2. Nf3 d6 3. d4 cxd4 4. Nxd4 Nf6 5. Nc3 a6 6. f3 e5 7. Nb3 Be7 8. Be3 Be6 9. Qd2 O-O 10. O-O-O a5 11. a4 Nc6 12. Kb1 Nb4 13. g4 d5 14. g5 Nxe4 15. fxe4 d4 16. Nxd4 exd4 17. Qxd4 Qc7 18. Bb5 Rfd8 19. Qb6 Qxb6 20. Bxb6 Rxd1+ 21. Rxd1 Bxg5 22. Nd5 Nxd5 23. exd5 Bf5 24. d6 Bd8 25. Bd4 h5 26. Bc3 Be6 27. Bd4 g5 28. c4 b6 29. b3 g4 30. Kc2 Bg5 31. Bxb6 Bf4 32. Bc6 Rb8 33. Bc7 Rc8 34. Be4 Rxc7 35. dxc7 Bxc7 36. c5 Bxh2 37. c6 Bc7 38. Rh1 g3 39. Rxh5 Kf8 40. Rb5 Ke7 41. b4 axb4 42. Rxb4 Kd6 43. Rb5 1-0


[Site "https://www.chess.com"]

[Event "Titled Tuesday Blitz August 08 Early 2023"]
[White "Fernandez Siles, Luis"]
[Black "maksimys18"]
[WhiteFideId "2209420"]
[WhiteElo "2303"]
[BlackElo "2445"]
[Result "1-0"]
[Round "6"]
[TimeControl "180+1"]
[Date "2023.08.08"]
[WhiteClock "0:00:16"]
[BlackClock "0:00:39"]
[Board "171"]

1. e4 e6 2. d4 d5 3. e5 c5 4. c3 Qb6 5. Nf3 Bd7 6. a3 Bb5 7. b4 cxd4 8. Bxb5+ Qxb5 9. cxd4 Qd7 10. O-O Nc6 11. Nc3 Nh6 12. Be3 Nf5 13. g4 Nh6 14. Ne1 f6 15. f4 Nf7 16. Nd3 Be7 17. f5 fxe5 18. dxe5 Ncxe5 19. Nf4 exf5 20. Nfxd5 Nxg4 21. Bc5 Bxc5+ 22. bxc5 O-O 23. Rxf5 Rad8 24. Qxg4 Kh8 25. Raf1 Rfe8 26. R5f4 Qxg4+ 27. Rxg4 Ne5 28. Rgf4 Nd3 29. Rf7 Nxc5 30. Rc7 b6 31. Rff7 Re5 32. Rxg7 Rh5 33. Nf6 Ne6 34. Rxh7+ Rxh7 35. Rxh7# 1-0


[Site "https://www.chess.com"]

[Event "Titled Tuesday Blitz August 08 Early 2023"]
[White "Rios Escobar, Adan"]
[Black "Afanasieva, Alexandra"]
[WhiteFideId "3403645"]
[BlackFideId "34126926"]
[WhiteElo "2441"]
[BlackElo "2304"]
[Result "0-1"]
[Round "6"]
[TimeControl "180+1"]
[Date "2023.08.08"]
[WhiteClock "0:00:03"]
[BlackClock "0:00:05"]
[Board "172"]

1. d4 d5 2. g3 Nf6 3. Nf3 c5 4. Bg2 Nc6 5. O-O cxd4 6. Nxd4 e5 7. Nxc6 bxc6 8. c4 Be6 9. Nc3 e4 10. cxd5 cxd5 11. Qa4+ Qd7 12. Qxd7+ Nxd7 13. Rd1 Nb6 14. Be3 Rd8 15. Nb5 Bd6 16. Nxa7 Nc4 17. Bd4 O-O 18. Nb5 Be5 19. b3 Bxd4 20. Rxd4 Ne5 21. Rad1 Rc8 22. a4 Rc2 23. R4d2 Rfc8 24. h3 g6 25. Nd4 Rxd2 26. Rxd2 Rc1+ 27. Kh2 Ra1 28. Rc2 Kg7 29. Nxe6+ fxe6 30. Rc7+ Kf6 31. Rxh7 Ra2 32. Bf1 d4 33. Kg1 d3 34. exd3 exd3 35. Rh8 d2 36. Rd8 Ra1 37. Kg2 d1=Q 38. Rxd1 Rxd1 39. b4 Ra1 40. Bb5 Nf7 41. f4 Nd6 42. Bd7 Rb1 43. b5 Rb4 44. b6 Rxb6 45. Kf3 Rb3+ 46. Kg4 Ra3 47. h4 Ne4 48. h5 Rxg3+ 49. Kh4 gxh5 50. a5 Ra3 51. a6 Rxa6 52. f5 exf5 53. Bc8 Ra4 54. Kh3 Ng5+ 55. Kg3 Ke5 56. Kh2 f4 57. Bd7 Ra3 58. Kg2 Ke4 59. Bc6+ Ke3 60. Bd5 f3+ 61. Kg3 f2 62. Bc4 Rc3 63. Bb5 Rc1 64. Kg2 Ne4 65. Ba6 Nc3 66. Bc4 Ne2 67. Ba6 f1=Q+ 68. Kh2 Qg1+ 69. Kh3 Qg3# 0-1


[Site "https://www.chess.com"]

[Event "Titled Tuesday Blitz August 08 Early 2023"]
[White "Sarkar, Justin"]
[Black "Mrudul Dehankar"]
[WhiteFideId "2010011"]
[BlackFideId "25096990"]
[WhiteElo "2246"]
[BlackElo "2441"]
[Result "0-1"]
[Round "6"]
[TimeControl "180+1"]
[Date "2023.08.08"]
[WhiteClock "0:00:00"]
[BlackClock "0:00:04"]
[Board "173"]

1. d4 Nf6 2. c4 e6 3. Nc3 Bb4 4. Bf4 c5 5. dxc5 Qa5 6. Bd2 Bxc5 7. e3 Qc7 8. Nf3 Nc6 9. Bd3 O-O 10. O-O d5 11. cxd5 exd5 12. Rc1 Qe7 13. h3 Rd8 14. Na4 Bd6 15. Bc3 Ne4 16. Bd4 Bf5 17. Nc3 Bc7 18. Nb5 Bb8 19. a3 a6 20. Nc3 Bc7 21. Qe2 Rac8 22. Rfd1 Qe6 23. Bb1 Qh6 24. Qf1 Bg6 25. Ba2 Ne7 26. Ne2 Bh5 27. Ng3 Bxf3 28. gxf3 Nxg3 29. fxg3 Bxg3 30. f4 Bh4 31. Qg2 Bf6 32. Bxf6 Qxf6 33. Rxc8 Rxc8 34. Bxd5 Rd8 35. Bf3 Qb6 0-1


[Site "https://www.chess.com"]

[Event "Titled Tuesday Blitz August 08 Early 2023"]
[White "EvgenyBurmakin"]
[Black "Warchol, Kamil"]
[BlackFideId "21858241"]
[WhiteElo "2237"]
[BlackElo "2440"]
[Result "0-1"]
[Round "6"]
[TimeControl "180+1"]
[Date "2023.08.08"]
[WhiteClock "0:00:00"]
[BlackClock "0:00:05"]
[Board "174"]

1. e4 c5 2. Nc3 a6 3. a4 e6 4. Nf3 Nc6 5. d4 cxd4 6. Nxd4 Nf6 7. Nxc6 bxc6 8. e5 Nd5 9. Ne4 Qc7 10. f4 Qb6 11. a5 Qa7 12. Bd3 Be7 13. Qf3 Qc7 14. O-O f5 15. exf6 Nxf6 16. Bd2 O-O 17. Bc3 Nd5 18. Bd2 c5 19. Ra4 Bb7 20. Qg3 Nf6 21. Bc3 Bc6 22. Raa1 Bb5 23. Rad1 Qb7 24. f5 Bxd3 25. cxd3 d5 26. Ng5 d4 27. Nxe6 Rf7 28. Bd2 Nd5 29. Bh6 Bf6 30. Rde1 Kh8 31. Bg5 Qxb2 32. Bxf6 Nxf6 33. Ng5 Rd7 34. Re6 Qb7 35. Rfe1 h6 36. Qh4 Rc8 37. Rxf6 gxf6 38. Qxh6+ Kg8 39. Qxf6 Rg7 40. h4 Rf8 41. Qe6+ Rgf7 42. Nxf7 Qxf7 43. Qxf7+ Rxf7 44. g4 Rb7 45. g5 Rb3 0-1


[Site "https://www.chess.com"]

[Event "Titled Tuesday Blitz August 08 Early 2023"]
[White "Novikov, Evgenij"]
[Black "Falbo, Sandro"]
[WhiteFideId "4125380"]
[BlackFideId "810444"]
[WhiteElo "2439"]
[BlackElo "2205"]
[Result "1-0"]
[Round "6"]
[TimeControl "180+1"]
[Date "2023.08.08"]
[WhiteClock "0:00:09"]
[BlackClock "0:00:00"]
[Board "175"]

1. e4 c5 2. Nf3 Nc6 3. b4 Nxb4 4. c3 Nc6 5. d4 d5 6. e5 Bf5 7. Be2 e6 8. O-O Nge7 9. Ba3 cxd4 10. cxd4 Ng6 11. Bxf8 Nxf8 12. Nc3 a6 13. Qb3 Rb8 14. Na4 Nd7 15. Rac1 O-O 16. Nc5 Nxc5 17. Rxc5 Na5 18. Qb4 b5 19. a4 Nc4 20. axb5 axb5 21. Rxb5 Rxb5 22. Qxb5 Qc7 23. Rc1 Rc8 24. Nd2 Rb8 25. Qa4 Qd8 26. Nxc4 dxc4 27. Qxc4 Be4 28. Rd1 g6 29. Qc3 Rc8 30. Qe3 Qd5 31. Bf3 Bxf3 32. Qxf3 Qxf3 33. gxf3 g5 34. Kg2 Rd8 35. Kg3 Kg7 36. f4 Kg6 37. Kf3 Kf5 38. fxg5 Kxg5 39. Ke4 Kg4 40. Rd3 h5 41. Rg3+ Kh4 42. Rf3 Rd7 43. h3 Kg5 44. Rg3+ Kh4 45. Rd3 Kg5 46. f4+ Kh4 47. f5 Kg5 48. f6 Kh4 49. d5 exd5+ 50. Rxd5 Ra7 51. Rd3 Ra4+ 52. Kf5 Ra5 53. Rd7 Kxh3 54. Rxf7 Kg3 55. Rg7+ Kf3 56. f7 1-0


[Site "https://www.chess.com"]

[Event "Titled Tuesday Blitz August 08 Early 2023"]
[White "Kassimov, Baurzhan"]
[Black "Jodorcovsky Werjivker, Paulo"]
[WhiteFideId "13704800"]
[BlackFideId "3700305"]
[WhiteElo "2438"]
[BlackElo "2191"]
[Result "1-0"]
[Round "6"]
[TimeControl "180+1"]
[Date "2023.08.08"]
[WhiteClock "0:00:41"]
[BlackClock "0:00:10"]
[Board "176"]

1. c4 e6 2. e4 d5 3. exd5 exd5 4. d4 Nf6 5. Nf3 c6 6. Nc3 Bf5 7. Qb3 Qb6 8. c5 Qc7 9. Bf4 Qc8 10. Be2 Be7 11. O-O O-O 12. Rae1 Nbd7 13. h3 Re8 14. Nd1 h6 15. Ne3 Bh7 16. Bd3 Bxd3 17. Qxd3 Ne4 18. Nf5 Bf8 19. Nd2 Ndxc5 20. Nxh6+ gxh6 21. dxc5 Nxc5 22. Qg3+ Kh7 23. Nf3 Ne4 24. Qh4 Qf5 25. Re3 Bg7 26. Rfe1 Nf6 27. Re5 Rxe5 28. Rxe5 Qb1+ 29. Kh2 Re8 30. Bxh6 Rxe5 31. Nxe5 Qf5 32. Nxf7 Ng4+ 33. hxg4 Qxf7 34. Be3+ Kg8 35. Qg5 Qc7+ 36. g3 Kf8 37. Qf5+ Ke8 38. Qe6+ Kd8 39. Bg5+ 1-0


[Site "https://www.chess.com"]

[Event "Titled Tuesday Blitz August 08 Early 2023"]
[White "Araujo Filho, Luiz Antonio Coel"]
[Black "WindWhistler11"]
[WhiteFideId "2130661"]
[WhiteElo "2190"]
[BlackElo "2432"]
[Result "0-1"]
[Round "6"]
[TimeControl "180+1"]
[Date "2023.08.08"]
[WhiteClock "0:00:00"]
[BlackClock "0:00:09"]
[Board "177"]

1. d4 Nf6 2. Nf3 e6 3. e3 c5 4. Bd3 b6 5. Nbd2 Bb7 6. Qe2 d6 7. O-O a6 8. c3 Nbd7 9. e4 Be7 10. e5 Nd5 11. Ne4 Qc7 12. Ng3 h5 13. exd6 Bxd6 14. Ne4 Be7 15. dxc5 Nxc5 16. Nxc5 Bxc5 17. Ne5 Bd6 18. Re1 h4 19. h3 Bxe5 20. Qxe5 Qxe5 21. Rxe5 O-O-O 22. Bc2 b5 23. a4 b4 24. c4 Nb6 25. Be3 Nd7 26. Rg5 g6 27. a5 Kb8 28. Ra4 Bc6 29. Rxb4+ Ka8 30. Ba4 Bxa4 31. Rxa4 Rb8 32. b4 Rhc8 33. c5 Nf6 34. Bd2 Ne4 35. Bf4 Nxg5 36. Bxg5 Rb7 37. Bf4 Rb5 38. Kf1 Kb7 39. Ke2 Kc6 40. Bd2 Rd8 41. Ra3 Rd4 42. Rf3 f5 43. Re3 Kd5 44. Bc3 Re4 45. f3 Rxe3+ 46. Kxe3 e5 47. Be1 g5 48. Kd3 e4+ 49. fxe4+ fxe4+ 50. Ke3 Rb8 51. Bc3 Rg8 52. Bf6 g4 53. Bxh4 gxh3 54. gxh3 Rh8 55. Bd8 Rxh3+ 56. Kf4 Rb3 0-1


[Site "https://www.chess.com"]

[Event "Titled Tuesday Blitz August 08 Early 2023"]
[White "Begunov, Konstantin"]
[Black "Sailer, Mike"]
[WhiteFideId "4118510"]
[BlackFideId "2012901"]
[WhiteElo "2420"]
[BlackElo "2166"]
[Result "1-0"]
[Round "6"]
[TimeControl "180+1"]
[Date "2023.08.08"]
[WhiteClock "0:00:29"]
[BlackClock "0:00:02"]
[Board "178"]

1. d4 d5 2. c4 Bf5 3. cxd5 Bxb1 4. Qa4+ Qd7 5. Qxd7+ Nxd7 6. Rxb1 Ngf6 7. f3 Nxd5 8. a3 e6 9. e4 N5b6 10. Be3 O-O-O 11. Rc1 Kb8 12. Ne2 Rc8 13. b4 h6 14. Nf4 Be7 15. Be2 Bg5 16. h4 Bxf4 17. Bxf4 g5 18. Bg3 f6 19. hxg5 fxg5 20. Bd1 Rh7 21. Bb3 Nf8 22. Ke2 Ka8 23. a4 c6 24. a5 Nbd7 25. b5 Nf6 26. Be5 Ne8 27. bxc6 Rxc6 28. Rxc6 bxc6 29. a6 h5 30. Rc1 Nd7 31. Rxc6 Nxe5 32. Rc8# 1-0


[Site "https://www.chess.com"]

[Event "Titled Tuesday Blitz August 08 Early 2023"]
[White "Putri, Regita Desyari"]
[Black "Psychonerd5"]
[WhiteFideId "7109083"]
[WhiteElo "2163"]
[BlackElo "2420"]
[Result "0-1"]
[Round "6"]
[TimeControl "180+1"]
[Date "2023.08.08"]
[WhiteClock "0:00:00"]
[BlackClock "0:00:16"]
[Board "179"]

1. d4 Nf6 2. c4 e6 3. Nf3 b6 4. g3 Ba6 5. b3 Bb4+ 6. Bd2 Be7 7. Bg2 c6 8. Bc3 O-O 9. O-O Ne4 10. Bb2 d5 11. Nbd2 Nd7 12. Rc1 Ndf6 13. Ne5 Rc8 14. Nxe4 Nxe4 15. f3 Nd6 16. cxd5 cxd5 17. Re1 Bb7 18. e4 dxe4 19. fxe4 Bg5 20. Rxc8 Qxc8 21. h4 Bf6 22. Ng4 Be7 23. Kh2 h5 24. Nf2 g6 25. d5 exd5 26. exd5 Nf5 27. Bh3 Bd6 28. Ne4 Bxd5 29. Nxd6 Qc5 30. Nxf5 Qf2+ 0-1


[Site "https://www.chess.com"]

[Event "Titled Tuesday Blitz August 08 Early 2023"]
[White "Aepfler, Christian"]
[Black "Kukreja Sankalp"]
[WhiteFideId "4628306"]
[BlackFideId "45027676"]
[WhiteElo "2097"]
[BlackElo "2419"]
[Result "0-1"]
[Round "6"]
[TimeControl "180+1"]
[Date "2023.08.08"]
[WhiteClock "0:01:13"]
[BlackClock "0:01:24"]
[Board "180"]

1. e4 c5 2. c3 d5 3. exd5 Qxd5 4. d4 Nc6 5. Nf3 cxd4 6. cxd4 e5 7. Nc3 Bb4 8. Bd2 Bxc3 9. Bxc3 e4 10. Ne5 Nxe5 11. dxe5 Ne7 12. Be2 O-O 13. O-O Be6 14. f3 Rfd8 15. Qa4 Qc5+ 16. Kh1 Nd5 17. Rac1 Nxc3 18. Rxc3 Qxe5 19. Qxe4 Qxe4 20. fxe4 Rd2 21. Bf3 Rxb2 22. a3 g6 23. e5 Rd8 24. Rc7 Rd7 25. Rxd7 Bxd7 26. h4 h5 27. Rc1 Rb3 28. Rc7 Be6 29. a4 Rb4 30. a5 Rxh4+ 31. Kg1 Ra4 32. Rc5 b6 33. axb6 axb6 34. Rb5 Ra5 0-1


[Site "https://www.chess.com"]

[Event "Titled Tuesday Blitz August 08 Early 2023"]
[White "Bogaudinov, Rushan"]
[Black "Semenova, Alina"]
[WhiteFideId "4129288"]
[BlackFideId "24113875"]
[WhiteElo "2418"]
[BlackElo "2098"]
[Result "1-0"]
[Round "6"]
[TimeControl "180+1"]
[Date "2023.08.08"]
[WhiteClock "0:00:04"]
[BlackClock "0:00:00"]
[Board "181"]

1. e4 e6 2. Nf3 d5 3. e5 c5 4. b4 cxb4 5. d4 Nc6 6. a3 bxa3 7. c3 a6 8. Nxa3 Bd7 9. Bd3 Nge7 10. O-O h6 11. Nd2 Nf5 12. Qe2 Be7 13. g4 Nh4 14. f4 f6 15. Nf3 Nxf3+ 16. Rxf3 O-O 17. f5 fxe5 18. dxe5 exf5 19. e6 Bc5+ 20. Kh1 Be8 21. Bxf5 d4 22. Bb2 dxc3 23. Bxc3 Nd4 24. Bxd4 Qxd4 25. Rd1 Qa4 26. Bc2 Rxf3 27. Bxa4 Bxa4 28. Qxf3 Bc6 29. Qxc6 bxc6 30. Nc4 Re8 31. Re1 Kf8 32. Na5 Rc8 33. Nc4 Rc7 34. Kg2 Ke8 35. Kf3 Be7 36. Ke4 Bf6 37. Kf5 a5 38. Nd6+ Ke7 39. Ne4 c5 40. Nxf6 gxf6 41. Ra1 Ra7 42. Rc1 Rc7 43. Ra1 c4 44. Rxa5 c3 45. Ra1 c2 46. Rc1 Rc5+ 47. Kg6 Kxe6 48. Kxh6 Ke5 49. h4 Kf4 50. g5 fxg5 51. hxg5 Rc6+ 52. g6 Kf5 53. Kh7 Rc7+ 54. g7 1-0


[Site "https://www.chess.com"]

[Event "Titled Tuesday Blitz August 08 Early 2023"]
[White "Ibadov, Dashgyn"]
[Black "Lesbekova, Assel"]
[WhiteFideId "24107514"]
[BlackFideId "13713248"]
[WhiteElo "2530"]
[BlackElo "2330"]
[Result "0-1"]
[Round "6"]
[TimeControl "180+1"]
[Date "2023.08.08"]
[WhiteClock "0:00:00"]
[BlackClock "0:01:24"]
[Board "182"]

1. e4 e5 2. Nf3 Nf6 3. Nc3 Nc6 4. Bb5 Nd4 5. Bc4 Nxf3+ 6. Qxf3 d6 7. d3 Be7 8. Bg5 c6 9. a4 Qb6 10. Rb1 Be6 11. O-O O-O 12. Qe2 Rae8 13. h3 Nd7 14. Be3 Qc7 15. d4 exd4 16. Bxd4 Ne5 17. Bxe5 dxe5 18. Bxe6 fxe6 19. Qc4 Bh4 20. g3 Bg5 21. Kg2 Qf7 22. Qe2 Rd8 23. h4 Rd2 24. Qe1 Bh6 25. Rc1 Qf3+ 26. Kg1 b5 27. Nd1 Re2 28. Qc3 Bxc1 0-1


[Site "https://www.chess.com"]

[Event "Titled Tuesday Blitz August 08 Early 2023"]
[White "Hnydiuk, Aleksander"]
[Black "Nayak Rajesh"]
[WhiteFideId "1109057"]
[BlackFideId "35017152"]
[WhiteElo "2488"]
[BlackElo "2327"]
[Result "1-0"]
[Round "6"]
[TimeControl "180+1"]
[Date "2023.08.08"]
[WhiteClock "0:00:04"]
[BlackClock "0:00:02"]
[Board "183"]

1. d4 Nf6 2. c4 g6 3. Nc3 Bg7 4. e4 d6 5. Nf3 O-O 6. Be2 e5 7. Be3 Nc6 8. d5 Ne7 9. Nd2 Ne8 10. Qc2 f5 11. f3 f4 12. Bf2 c5 13. a3 b6 14. b4 Nf6 15. bxc5 bxc5 16. O-O g5 17. g4 fxg3 18. hxg3 Bh3 19. Rfb1 Qe8 20. Bf1 Qh5 21. Qd1 g4 22. Bxh3 Qxh3 23. Qf1 Qh5 24. Qg2 gxf3 25. Nxf3 Ng4 26. Ra2 Rf7 27. Nh4 Raf8 28. Rbb2 Bh6 29. Nd1 Bg5 30. Re2 Rg7 31. Nf3 Bf4 32. Be1 Ng6 33. Qh1 Qxh1+ 34. Kxh1 Bxg3 35. Ng5 Bxe1 36. Rxe1 Nf4 37. Ne6 Nxe6 38. dxe6 Rg6 39. Rg2 Re8 40. Ne3 Rexe6 41. Rxg4 Rxg4 42. Nxg4 Rg6 43. Rg1 h5 44. Ne3 Rxg1+ 45. Kxg1 Kf7 46. Nf5 Ke6 47. Ng7+ Kd7 48. Nxh5 Kc6 49. Kf2 Kb6 50. Nf6 Ka5 51. Ne8 Ka4 52. Nxd6 Kxa3 53. Ke3 Kb4 54. Kd3 Kb3 55. Nf7 a5 56. Nxe5 a4 57. Nd7 Kb4 58. Kc2 a3 59. e5 Kxc4 60. e6 a2 61. Kb2 Kd5 62. e7 Kd6 63. e8=Q 1-0


[Site "https://www.chess.com"]

[Event "Titled Tuesday Blitz August 08 Early 2023"]
[White "Ljukin, Sergei"]
[Black "Rodriguez Santiago, Jaime"]
[WhiteFideId "14102200"]
[BlackFideId "3100898"]
[WhiteElo "2474"]
[BlackElo "2325"]
[Result "1-0"]
[Round "6"]
[TimeControl "180+1"]
[Date "2023.08.08"]
[WhiteClock "0:00:10"]
[BlackClock "0:00:09"]
[Board "184"]

1. e4 c6 2. d4 d5 3. e5 Bf5 4. Nd2 e6 5. Nb3 c5 6. dxc5 Bxc5 7. Nxc5 Qa5+ 8. c3 Qxc5 9. Be3 Qc7 10. f4 Ne7 11. Nf3 Nec6 12. Be2 h5 13. O-O Nd7 14. b4 a6 15. a4 Ne7 16. Rc1 Nb6 17. Bc5 Rc8 18. a5 Nd7 19. Bf2 Be4 20. Nd4 Nc6 21. Bxh5 Nxd4 22. Bxd4 Qd8 23. g3 Nb8 24. Bf3 Nc6 25. Bxe4 dxe4 26. Bc5 Qc7 27. Qe2 Nxa5 28. Qc2 Nc6 29. Qxe4 a5 30. b5 Nb8 31. Bd6 Qb6+ 32. Kh1 Nd7 33. c4 a4 34. Rfe1 Nc5 35. Qe3 Nd7 36. Qxb6 Nxb6 37. c5 Nd5 38. c6 bxc6 39. bxc6 Nc7 40. Re4 Nd5 41. Rxa4 f6 42. Ra7 fxe5 43. fxe5 Nb4 44. Re7+ Kd8 45. c7+ 1-0


[Site "https://www.chess.com"]

[Event "Titled Tuesday Blitz August 08 Early 2023"]
[White "Nguyen Hong Nhung"]
[Black "Gauravthegm"]
[WhiteFideId "12412201"]
[WhiteElo "2461"]
[BlackElo "2323"]
[Result "0-1"]
[Round "6"]
[TimeControl "180+1"]
[Date "2023.08.08"]
[WhiteClock "0:00:14"]
[BlackClock "0:00:15"]
[Board "185"]

1. e4 c5 2. Nc3 Nc6 3. Nf3 e5 4. Bc4 d6 5. d3 Be7 6. a4 Nf6 7. O-O O-O 8. Ne1 Nd7 9. f4 exf4 10. Bxf4 Nb6 11. Ba2 Bg5 12. Bg3 Be6 13. a5 Nc8 14. Bd5 N8e7 15. Qh5 Bh6 16. Bh4 Qd7 17. Bxe6 fxe6 18. Nf3 Ng6 19. Bg5 Nf4 20. Qg4 Bxg5 21. Nxg5 Ne5 22. Qh4 h6 23. Rxf4 Rxf4 24. Qxf4 Rf8 25. Qg3 hxg5 26. Qxg5 Qf7 27. Qg3 Ng4 28. h3 Ne5 29. a6 bxa6 30. Rxa6 Qf1+ 31. Kh2 Rf2 32. Rxd6 Nf3+ 33. Qxf3 Rxf3 34. gxf3 Qf2+ 35. Kh1 Qxf3+ 36. Kh2 Qf4+ 37. Kg2 Qxd6 38. Kf3 Qb6 39. b3 Qb4 40. Ne2 Qd2 41. Nf4 Kf7 42. c4 Qd1+ 43. Ke3 Qxb3 44. e5 a5 45. Ke4 a4 46. Ng2 a3 47. Ne3 a2 48. h4 a1=Q 49. h5 Qd4+ 50. Kf3 Qbxd3 51. h6 Q3xe3+ 52. Kg2 Qdd2+ 53. Kf1 Qee1# 0-1


[Site "https://www.chess.com"]

[Event "Titled Tuesday Blitz August 08 Early 2023"]
[White "MateoReyes"]
[Black "Villuendas Valero, Adrian"]
[BlackFideId "2262460"]
[WhiteElo "2454"]
[BlackElo "2322"]
[Result "1-0"]
[Round "6"]
[TimeControl "180+1"]
[Date "2023.08.08"]
[WhiteClock "0:00:03"]
[BlackClock "0:00:25"]
[Board "186"]

1. Nf3 c5 2. e4 e6 3. d4 cxd4 4. Nxd4 Qb6 5. Nb3 Bb4+ 6. c3 Be7 7. Bd3 Nc6 8. Be3 Qc7 9. N1d2 Nf6 10. O-O O-O 11. Kh1 d5 12. f4 dxe4 13. Nxe4 Nd5 14. Bg1 Nxf4 15. Bc2 Rd8 16. Qf3 g5 17. Be3 e5 18. Bxf4 exf4 19. Qh5 Bf5 20. Rae1 Bg6 21. Qh6 Ne5 22. Bb1 Ng4 23. Qh3 Ne3 24. Rg1 Qe5 25. Nbd2 g4 26. Qh6 Rxd2 27. Nxd2 Bg5 28. Nc4 Qc5 29. b4 Qd5 30. Nxe3 fxe3 31. Rd1 Qe5 32. Bxg6 Bxh6 33. Bd3 Bf4 34. g3 Qd5+ 35. Rg2 Bg5 36. Bxh7+ Kxh7 37. Rxd5 f6 38. Rd7+ Kg6 39. Re2 Rc8 40. Rd3 Rc6 41. Kg2 Re6 42. Kf1 b5 43. Rd5 Re4 44. Rxb5 Rc4 45. Rc5 Re4 46. Ke1 f5 47. Rc6+ Kh5 48. c4 f4 49. gxf4 Bxf4 50. c5 g3 51. hxg3 Bxg3+ 52. Kd1 Rc4 53. a3 Bf2 54. Re6 Rd4+ 55. Kc2 Kg4 56. R2xe3 Bxe3 57. Rxe3 Kf5 58. Kc3 Rd7 59. Kc4 Kf6 60. b5 Rc7 61. c6 Rh7 62. a4 Rh5 63. Kd4 Rh4+ 64. Re4 Rh5 65. Kc4 Rh8 66. Rd4 Rc8 67. Rd6+ Ke7 68. Rd7+ Ke6 69. Rxa7 Rd8 70. Kc5 Rc8 71. b6 Rb8 72. b7 Rh8 73. c7 Rh5+ 74. Kc6 Rh7 75. c8=Q+ Ke5 76. Ra5+ Kf4 77. Qf5+ Ke3 78. Re5+ Kd4 79. Qe4+ Kc3 80. Rc5+ Kb2 81. Rc4 Ka3 82. Qd3+ Kb2 83. Rc2+ Kb1 84. Qd1# 1-0


[Site "https://www.chess.com"]

[Event "Titled Tuesday Blitz August 08 Early 2023"]
[White "Swicarz, Maciej"]
[Black "Vasques, Antonio Pedro Freixial"]
[WhiteFideId "1113585"]
[BlackFideId "1908332"]
[WhiteElo "2423"]
[BlackElo "2319"]
[Result "0-1"]
[Round "6"]
[TimeControl "180+1"]
[Date "2023.08.08"]
[WhiteClock "0:00:21"]
[BlackClock "0:00:15"]
[Board "187"]

1. c4 b6 2. d4 Bb7 3. f3 e6 4. e4 d5 5. cxd5 exd5 6. e5 c5 7. Bb5+ Nc6 8. Be3 cxd4 9. Bxd4 Bc5 10. Ne2 Ne7 11. O-O O-O 12. Bxc5 bxc5 13. f4 c4 14. Nbc3 Qb6+ 15. Kh1 d4 16. Bxc6 Nxc6 17. Na4 Qa5 18. b3 Ba6 19. Rf3 Rfd8 20. Rg3 c3 21. Nc1 c2 22. Qg1 d3 23. Nxd3 Bxd3 24. Nb2 Bf5 25. Nc4 Qd5 26. Ne3 Qe4 27. Rg5 Ne7 28. Re1 Kh8 29. h4 Rac8 30. Nxc2 Qxc2 31. Kh2 Rd2 32. Qxa7 Rxg2+ 33. Rxg2 Qc3 34. Qxe7 Qxe1 35. Qg5 g6 36. h5 Qe2 37. Qf6+ Kg8 38. Qxf5 Qxg2+ 39. Kxg2 gxf5 0-1


[Site "https://www.chess.com"]

[Event "Titled Tuesday Blitz August 08 Early 2023"]
[White "Ladan, Nicholas"]
[Black "Goswami, Vedant"]
[WhiteFideId "30918855"]
[BlackFideId "5003725"]
[WhiteElo "2422"]
[BlackElo "2298"]
[Result "1-0"]
[Round "6"]
[TimeControl "180+1"]
[Date "2023.08.08"]
[WhiteClock "0:01:36"]
[BlackClock "0:00:00"]
[Board "188"]

1. d4 Nf6 2. Nf3 e6 3. Bf4 d5 4. e3 Bd6 5. Ne5 Nbd7 6. Bd3 Bxe5 7. dxe5 Ne4 8. Nd2 Nxd2 9. Qxd2 f6 10. exf6 Qxf6 11. O-O-O e5 12. Bg3 O-O 13. h4 Nc5 14. h5 c6 15. h6 g6 16. Bh4 Qf7 17. Qb4 b6 18. Kb1 Bf5 19. Bxf5 Qxf5 20. Rh3 Qe4 21. Qxe4 Nxe4 22. f3 Nc5 23. Be7 Rf7 24. Bxc5 bxc5 25. Rd3 e4 26. Rc3 c4 27. b3 exf3 28. gxf3 Rb8 29. Kb2 Rf5 30. Ka3 Kf7 31. bxc4 d4 32. Rb3 Rxb3+ 33. axb3 dxe3 34. f4 Rxf4 35. Rxe3 Rh4 36. Rd3 Ke7 37. c5 Rxh6 38. Rd6 Rh2 39. c4 g5 40. Rxc6 g4 41. Rc7+ Kd8 42. Rxa7 h5 43. Rg7 Rg2 44. c6 h4 45. b4 h3 46. b5 h2 47. Rh7 g3 48. b6 Rg1 49. b7 1-0


[Site "https://www.chess.com"]

[Event "Titled Tuesday Blitz August 08 Early 2023"]
[White "Harriott, Tyrell"]
[Black "Sariego Figueredo, Wilfredo"]
[WhiteFideId "2086484"]
[BlackFideId "3500080"]
[WhiteElo "2422"]
[BlackElo "2276"]
[Result "1/2-1/2"]
[Round "6"]
[TimeControl "180+1"]
[Date "2023.08.08"]
[WhiteClock "0:00:05"]
[BlackClock "0:00:06"]
[Board "189"]

1. d4 d5 2. e3 Nf6 3. Bd3 e6 4. f4 c5 5. c3 Nc6 6. Nf3 Be7 7. Nbd2 O-O 8. O-O cxd4 9. exd4 Qc7 10. Ne5 b6 11. Qf3 Bb7 12. g4 Bd6 13. g5 Ne4 14. Nxe4 dxe4 15. Bxe4 Bxe5 16. fxe5 g6 17. Be3 Rac8 18. Rf2 Ba6 19. Qg4 Ne7 20. Bg2 Nf5 21. Bf4 b5 22. a3 Bb7 23. h4 a5 24. h5 Bxg2 25. Rxg2 b4 26. axb4 axb4 27. Bd2 bxc3 28. Bxc3 Ra8 29. Re1 Ra2 30. Qe4 Rfa8 31. d5 exd5 32. Qxd5 Ra1 33. Kh2 Rd8 34. Qe4 Rxe1 35. Bxe1 Re8 36. Bc3 Ng7 37. hxg6 hxg6 38. Rf2 Qd8 39. Rf6 Nf5 40. e6 Qd6+ 41. Qe5 Rxe6 42. Rxe6 fxe6 43. Qxd6 Nxd6 44. Kg3 Ne4+ 45. Kf4 Nc5 46. Ke5 Kf7 47. Kd6 Ne4+ 48. Kc6 Nxg5 49. b4 Ne4 50. Be1 Nf6 51. b5 Nd5 52. b6 Nxb6 53. Kxb6 Kf6 54. Kc5 Kf5 55. Kd4 Kf4 56. Kd3 Kf3 57. Kd4 g5 58. Ke5 g4 59. Bh4 g3 60. Bxg3 Kxg3 61. Kxe6 1/2-1/2


[Site "https://www.chess.com"]

[Event "Titled Tuesday Blitz August 08 Early 2023"]
[White "Namitbir Singh Walia"]
[Black "Mikhaylova, Irina"]
[WhiteFideId "35071068"]
[BlackFideId "4109040"]
[WhiteElo "2421"]
[BlackElo "2261"]
[Result "1-0"]
[Round "6"]
[TimeControl "180+1"]
[Date "2023.08.08"]
[WhiteClock "0:01:18"]
[BlackClock "0:00:16"]
[Board "190"]

1. e4 c5 2. Nf3 Nc6 3. d4 cxd4 4. Nxd4 e5 5. Nb5 d6 6. c4 Be7 7. N1c3 a6 8. Na3 Be6 9. Be2 Bg5 10. O-O Bxc1 11. Rxc1 Nf6 12. Nc2 O-O 13. b3 Qa5 14. Ne3 Nd4 15. Bd3 b5 16. cxb5 axb5 17. Nf5 Bxf5 18. exf5 Rfc8 19. Qe1 Rc5 20. Ne4 Nxe4 21. Qxe4 Qd2 22. Qxa8+ 1-0


[Site "https://www.chess.com"]

[Event "Titled Tuesday Blitz August 08 Early 2023"]
[White "Vaglio Munoz, Jaime"]
[Black "Pershina, Elena"]
[WhiteFideId "6500145"]
[BlackFideId "24147516"]
[WhiteElo "2237"]
[BlackElo "2391"]
[Result "1-0"]
[Round "6"]
[TimeControl "180+1"]
[Date "2023.08.08"]
[WhiteClock "0:00:30"]
[BlackClock "0:00:00"]
[Board "191"]

1. Nf3 d5 2. c4 c6 3. b3 Nf6 4. Bb2 Bf5 5. g3 e6 6. Bg2 Nbd7 7. O-O Bd6 8. d3 h6 9. Re1 O-O 10. Nbd2 Bh7 11. e4 dxe4 12. dxe4 Bc5 13. h3 Qb6 14. Re2 Rad8 15. a3 a5 16. Qc1 Nh5 17. Nf1 Ndf6 18. N3d2 Rd3 19. Qb1 Rfd8 20. Bxf6 Nxf6 21. Ra2 Nh5 22. b4 axb4 23. axb4 Bxb4 24. Rb2 c5 25. Nf3 Rd1 26. Qa2 Qd6 27. Kh2 Qd3 28. Ne3 Bxe4 29. Ne5 Qd4 30. Nxd1 Bxg2 31. Kxg2 Qxd1 32. Qa7 Qd4 33. Qxb7 Nf6 34. Qf3 Qd1 35. g4 Qc1 36. Rbc2 1-0


[Site "https://www.chess.com"]